 Dungeon Crawl Stone Soup version 0.27-a0-1548-gf8a67e7463 (webtiles) character file.

Game seed: 15567289764804085682

6692 Kinoniko the Cleaver (level 10, -4/77 HPs)
             Began as a Minotaur Fighter on July 14, 2021.
             Was an Elder of Okawaru.
             Slain by an orc warrior (14 damage)
             ... on level 9 of the Dungeon.
             The game lasted 00:11:02 (11355 turns).

Kinoniko the Cleaver (Minotaur Fighter)            Turns: 11355, Time: 00:11:03

Health: -4/77      AC: 11    Str: 25    XL:     10   Next: 74%
Magic:  13/13      EV:  9    Int: 11    God:    Okawaru [****..]
Gold:   473        SH: 15    Dex: 15    Spells: 9/9 levels left

rFire    . . .     SeeInvis .   v - +2 war axe (freeze)
rCold    . . .     Faith    .   c - +4 kite shield
rNeg     . . .     Spirit   .   p - +0 chain mail
rPois    .         Reflect  .   (helmet restricted)
rElec    .         Harm     .   (no cloak)
rCorr    .         Rampage  .   i - +0 pair of gloves
Will     .....                  (no boots)
Stlth    ..........             (no amulet)
HPRegen  0.22/turn              t - ring "Poqurhel" {Str+4 Int+6}
MPRegen  0.13/turn              (no ring)

@: brilliant, flying
A: horns 2, retaliatory headbutt, agile 1, MP-powered wands
a: Renounce Religion, Heroism


You were on level 9 of the Dungeon.
You worshipped Okawaru.
Okawaru was greatly pleased with you.
You visited 2 branches of the dungeon, and saw 10 of its levels.
You also visited: Ossuary.

You collected 473 gold pieces.

Inventory:

Hand Weapons
 a - a +1 war axe of flaming
 v - a +2 war axe of freezing (weapon)
Missiles
 d - a curare-tipped dart (quivered)
 C - 8 atropa-tipped darts
Armour
 c - a +4 kite shield (worn)
 i - a +0 pair of gloves (worn)
 p - a +0 chain mail (worn)
Jewellery
 q - a ring of ice
 t - the ring "Poqurhel" (left hand) {Str+4 Int+6}
   (You found it on level 6 of the Dungeon)

   [ring of intelligence]

   Str:       It affects your strength (+4).
   Int:       It affects your intelligence (+6).
 x - an amulet of the acrobat
Wands
 j - a wand of iceblast (5)
 s - a wand of mindburst (6)
 y - a wand of flame (19)
 B - a wand of paralysis (8)
Scrolls
 e - 4 scrolls of amnesia
 f - 2 scrolls of magic mapping
 o - 3 scrolls of immolation
 u - 2 scrolls of vulnerability
Potions
 b - 2 potions of attraction
 g - a potion of cancellation {unknown}
 h - 2 potions of mutation
 k - a potion of flight
 l - a potion of haste {unknown}
 m - a potion of degeneration
 r - a potion of invisibility {unknown}
 w - a potion of brilliance


   Skills:
 - Level 3.6 Fighting
 * Level 14.8 Axes
 + Level 6.5 Armour
 + Level 4.6 Dodging
 - Level 7.1 Shields
 - Level 5.9 Invocations


You had 9 spell levels left.
You didn't know any spells.
Your spell library contained the following spells:

 Spells                   Type           Power      Damage    Failure   Level
 Foxfire                  Conj/Fire      0%         2x1d4     99%         1
 Poisonous Vapours        Pois/Air       0%         N/A       100%        2
 Conjure Flame            Conj/Fire      0%         6-21      100%        3
 Ignite Poison            Fire/Tmut/Pois 0%         N/A       100%        3
 Inner Flame              Hex/Fire       0%         N/A       100%        3
 Mephitic Cloud           Conj/Pois/Air  0%         N/A       100%        3
 Bolt of Magma            Conj/Fire/Erth 0%         4d4       100%        5
 Freezing Cloud           Conj/Ice/Air   0%         6-21      100%        5
 Chain Lightning          Conj/Air       0%         N/A       100%        9
 Fire Storm               Conj/Fire      0%         5d1       100%        9


Dungeon Overview and Level Annotations

Branches:
Dungeon (9/15)             Temple (1/1) D:5         Ossuary (visited)
   Lair: D:8-11         Orc: D:9-12

Altars:
Ashenzari
Cheibriados
Dithmenos
Elyvilon
Fedhas
Gozag
Hepliaklqana
Kikubaaqudgha
Makhleb
Nemelex Xobeh
Okawaru
Qazlal
Ru
Sif Muna
Trog
Uskayaw
Vehumet
Wu Jian
Xom
Yredelemnul
Zin
The Shining One

Shops:
D:8 *

Annotations:
D:4 2 transporters, wazuzu's ghost, amateur OgBe


Innate Abilities, Weirdness & Mutations

You have a pair of horns on your head.
You reflexively headbutt those who attack you in melee.
You are agile. (Dex +2)
You expend magic power (3 MP) to strengthen your wands.


Message History

Unknown command.
Unknown command.
Unknown command.
Unknown command.
Unknown command.
Unknown command.
Unknown command.
Unknown command.
Unknown command.
Unknown command.
Unknown command.
Unknown command.
Unknown command.
Unknown command.
Unknown command.
Unknown command.
Unknown command.
Unknown command.
Unknown command.
Unknown command.
Unknown command.
Unknown command.
Unknown command.
Unknown command.
Unknown command.
You feel better. You block the orc warrior's attack.
The howler monkey closely misses you. You block the basilisk's attack.
Unknown command.
You feel better.
The orc warrior hits you from afar with a +0 trident!
* * * LOW HITPOINT WARNING * * *
You block the howler monkey's attack. The basilisk gazes at you.
You resist with some effort.
Unknown command.
It was a potion of brilliance.
You feel clever all of a sudden. You block the howler monkey's attack.
The orc warrior hits you from afar with a +0 trident!
You die...

..# #o# #u# ...
... #.# #.# #c#
#.# #. ..##/##..
..# #.#.#.# #.#
#.....# #.#
#.###)#####.#####
#.....o†.h.......
#..#####@l.....#
#. #.......# #
##.....##
##.....## .
#.......# #.# #
#..)....### #.#.#
.#####..........
....#
................
##...
######÷÷..##...
##..8.


You could see a basilisk, an orc warrior and a howler monkey.

Vanquished Creatures
  A two-headed ogre (D:9)
  An ugly thing (D:9)
  A cyclops (D:7)
  A manticore (D:7)
  Sigmund (D:6)
  A wyvern (D:9)
  A tarantella (shapeshifter) (D:9)
  5 yaks (D:9)
  A steam dragon (D:6)
  Menkaure (D:6)
  2 sky beasts
  A water moccasin (D:5)
  4 orc warriors
  A necrophage (D:5)
  2 ogres
  A centaur (D:9)
  2 phantoms
  4 bullfrogs
  2 kobold brigands
  2 elf zombies (Ossuary)
  2 scorpions
  A water moccasin zombie (D:7)
  A water moccasin skeleton (D:6)
  6 killer bees
  6 wights
  A howler monkey (D:4)
  4 centaur zombies
  3 hounds
  3 orc priests
  2 centaur skeletons
  A jelly (D:5)
  A human zombie (Ossuary)
  2 iguanas (D:6)
  8 orc wizards
  4 mummies (Ossuary)
  2 hound zombies
  A hound skeleton (D:4)
  A gnoll (D:4)
  6 adders
  A shadow imp (D:7)
  An adder zombie (Ossuary)
  An adder skeleton (D:4)
  3 worms
  4 dart slugs
  32 orcs
  6 ball pythons
  11 bats
  2 endoplasms
  3 giant cockroaches
  8 goblins
  5 hobgoblins
  2 jackals (D:1)
  18 kobolds
  4 quokkas
  5 frilled lizards
  2 gnoll zombies (Ossuary)
  2 hobgoblin zombies
  A jackal skeleton (D:2)
  2 kobold zombies (Ossuary)
  7 rats
  2 rat zombies (Ossuary)
212 creatures vanquished.

Vanquished Creatures (collateral kills)
  An orc wizard (D:8)
  An orc (D:8)
2 creatures vanquished.

Grand Total: 214 creatures vanquished

Notes
Turn   | Place    | Note
-------+----------+-------------------------------------------
     0 | D:1      | Kinoniko the Minotaur Fighter began the quest for the Orb.
     0 | D:1      | Reached XP level 1. HP: 19/19 MP: 0/0
   161 | D:1      | Reached skill level 3 in Axes
   162 | D:1      | Reached XP level 2. HP: 19/26 MP: 1/1
  1157 | D:2      | Reached XP level 3. HP: 11/31 MP: 2/2
  1348 | D:2      | Reached skill level 4 in Axes
  1533 | D:2      | Found a faded altar of an unknown god.
  2226 | D:3      | Reached XP level 4. HP: 39/39 MP: 3/3
  2985 | D:3      | Reached skill level 5 in Axes
  3317 | D:4      | Noticed a scorpion
  3326 | D:4      | Killed a scorpion
  3327 | D:4      | Reached skill level 5 in Shields
  3327 | D:4      | Reached XP level 5. HP: 7/45 MP: 4/4
  3828 | D:4      | Reached skill level 6 in Axes
  4092 | D:4      | Found a transporter.
  4093 | D:4      | Noticed wazuzu's ghost (amateur OgBe)
  4093 | D:4      | Identified the +6 great mace of Callousness {venom, rF+++
                  | Dex-4 SInv Stlth-}
  4093 | D:4      | Noticed an ogre
  4093 | D:4      | Noticed an ogre
  4094 | D:4      | Noticed an ogre
  4100 | D:4      | Found a transporter.
  4298 | D:4      | Gained mutation: You are agile. (Dex +2) [potion of
                  | mutation]
  4298 | D:4      | Gained mutation: You expend magic power (3 MP) to
                  | strengthen your wands. [potion of mutation]
  4304 | D:4      | Reached XP level 6. HP: 11/51 MP: 5/5
  4990 | D:5      | Entered Level 5 of the Dungeon
  5005 | D:5      | Noticed a sky beast
  5021 | D:5      | Killed a sky beast
  5022 | D:5      | Reached skill level 7 in Axes
  5132 | D:5      | Reached XP level 7. HP: 50/57 MP: 6/6
  5169 | D:5      | Found a staircase to the Ecumenical Temple.
  5190 | D:5      | Reached skill level 8 in Axes
  5679 | D:5      | Reached skill level 9 in Axes
  5832 | Temple   | Entered the Ecumenical Temple
  6079 | Temple   | Became a worshipper of Warmaster Okawaru
  6112 | D:5      | Reached XP level 8. HP: 64/64 MP: 7/7
  6133 | D:5      | Reached skill level 1 in Invocations
  6464 | D:6      | Found a broken altar of Ashenzari.
  6915 | D:6      | Noticed Sigmund
  6928 | D:6      | Killed Sigmund
  6929 | D:6      | Reached skill level 10 in Axes
  7220 | D:6      | Reached * piety under Okawaru
  7734 | D:6      | Identified the ring "Poqurhel" {Str+4 Int+6}
  7734 | D:6      | Noticed Menkaure
  7743 | D:6      | Killed Menkaure
  7744 | D:6      | Reached skill level 11 in Axes
  8119 | D:7      | Noticed a manticore
  8131 | D:7      | HP: 3/64 [manticore (9)]
  8136 | D:7      | Killed a manticore
  8136 | D:7      | Reached ** piety under Okawaru
  8137 | D:7      | Reached XP level 9. HP: 40/70 MP: 9/11
  8279 | D:7      | Found a sand-covered staircase.
  8288 | Ossuary  | Entered an ossuary
  8302 | Ossuary  | Reached skill level 12 in Axes
  8717 | D:7      | Reached skill level 5 in Invocations
  9039 | D:7      | Noticed a cyclops
  9269 | D:7      | Killed a cyclops
  9269 | D:7      | Reached *** piety under Okawaru
  9426 | D:7      | Reached skill level 13 in Axes
  9758 | D:8      | Reached skill level 1 in Dodging
 10086 | D:8      | Found Yddyil's Lightly-Used Armoury.
 10486 | D:8      | Identified the +1 ring mail "Wuanakint" {-Cast Fly Dex+4}
 10561 | D:8      | Reached XP level 10. HP: 59/77 MP: 13/13
 10952 | D:9      | Reached **** piety under Okawaru
 11043 | D:9      | Reached skill level 5 in Armour
 11046 | D:9      | Reached skill level 14 in Axes
 11069 | D:9      | Noticed a two-headed ogre
 11075 | D:9      | Killed a two-headed ogre
 11075 | D:9      | Received a gift from Okawaru
 11323 | D:9      | Noticed a purple ugly thing
 11323 | D:9      | Noticed a cyclops
 11343 | D:9      | Killed a purple ugly thing
 11352 | D:9      | HP: 2/77 [orc warrior (6)]
 11355 | D:9      | Slain by an orc warrior

Illustrated notes

Levels and vault maps discovered:
D:1:      evilmike_arrival_rings, layout_basic, hangedman_decor_clover_reticule
D:2:      minmay_wonky_spiral, layout_loops_ring,
          hellmonk_ecumenical_altar_blasted, serial_glass, glass_columns_b,
          glass_columns_c
D:3:      layout_loops_corners
D:4:      cheibrodos_quashed, layout_basic, serial_rivers,
          chequers_serial_rivers_micro_a, chequers_serial_rivers_marsh,
          chequers_serial_rivers_micro_c, chequers_serial_rivers_micro_c,
          gammafunk_ghost_smash, minmay_misc_feat_iff,
          chequers_serial_rivers_room_b, st_stairs_12, minmay_unequal
D:5:      layout_cave_pools, minmay_temple_entry_butterflies,
          kennysheep_flooded_box, st_stairs_14
D:6:      layout_basic, mainiacjoe_overflow_concentric_impassable,
          uniq_menkaure, uniq_sigmund
D:7:      layout_loops_ring, enter_ossuary_3
D:8:      layout_gridville, minmay_holes, minmay_shop_damaged
D:9:      minmay_the_grid_square_5x5_3x3 [minmay_the_grid_square_5x5_bracketed,
          minmay_the_grid_square_5x5_broken_cross,
          minmay_the_grid_square_5x5_bite, minmay_the_grid_square_5x5_six_small,
          minmay_the_grid_square_5x5_megaprize_diamond,
          minmay_the_grid_square_5x5_detours, minmay_the_grid_square_5x5_slash,
          minmay_the_grid_square_5x5_shuriken,
          minmay_the_grid_square_5x5_checkered_statues], layout_rooms,
          grunt_ministairs_10
Temple:   nicolae_temple_the_god_donut

Skill      XL: |  1  2  3  4  5  6  7  8  9 10 |
---------------+-------------------------------+-----
Axes           | 3 4 5 6 7 9 11 13 14 | 14.8
Shields        | 4 5 6 7 |  7.1
Invocations    | 4 5 |  5.9
Dodging        | 1 4 |  4.6
Armour         | 4 6 |  6.5
Fighting       | |  3.6

Action                   |  1- 3 |  4- 6 |  7- 9 | 10-12 || total
-------------------------+-------+-------+-------+-------++-------
Melee: War axe           |   114 |   129 |   280 |    59 ||   582
       Headbutt          |     4 |    12 |    74 |    14 ||   104
Invok: Heroism           |       |       |     1 |     1 ||     2
  Use: Potion            |       |     6 |     6 |     7 ||    19
       Scroll            |       |     8 |    13 |     1 ||    22
Armor: Scale mail        |    52 |    19 |       |       ||    71
       Chain mail        |       |    47 |   118 |    23 ||   188
       Skin              |       |    49 |       |       ||    49
Dodge: Dodged            |    35 |    35 |    50 |    25 ||   145
Block: Kite shield       |    58 |    65 |   189 |    61 ||   373

Table legend: (Time is in decaauts)
 A = Elapsed time spent in this place.
 B = Non-inter-level travel time spent in this place.
 C = Inter-level travel time spent in this place.
 D = Time resting spent in this place.
 E = Time spent auto-exploring this place.
 F = Levels seen in this place.
 G = Mean time per level.
                   A        B        C        D        E       F      G
               +--------+--------+--------+--------+--------+-----+--------+
         Total |  11490 |  11164 |    326 |   3053 |   6622 |  11 | 1044.5 |
       Dungeon |  10828 |  10525 |    303 |   2923 |   6196 |   9 | 1203.1 |
        Temple |    261 |    239 |     22 |      0 |    238 |   1 |  261.0 |
       Ossuary |    401 |    401 |      0 |    130 |    188 |   1 |  401.0 |
               +--------+--------+--------+--------+--------+-----+--------+

Top non-repeatable levels by time:
     D:4: 1782 daAuts
     D:6: 1766 daAuts
     D:5: 1203 daAuts
     D:1: 1174 daAuts
     D:3: 1153 daAuts
     D:7: 1080 daAuts
     D:8: 1027 daAuts
     D:2: 985 daAuts
     D:9: 654 daAuts
 Ossuary: 401 daAuts
  Temple: 261 daAuts
